 Dungeon Crawl Stone Soup version 0.17.0-9-g801d43b (console) character file.

476 gw the Cudgeler (level 6, -8/56 HPs)
             Began as a Deep Dwarf Gladiator on Nov 10, 2015.
             Splashed by an oklob plant's acid (10 damage)
             ... on level 7 of the Dungeon.
             The game lasted 00:04:30 (3373 turns).

gw the Cudgeler (Deep Dwarf Gladiator)              Turns: 3373, Time: 00:04:30

Health: -8/56      AC:  1    Str: 18    XL:     6   Next: 84%
Magic:  4/4        EV:  8    Int:  9    God:
Gold:   257        SH:  0    Dex: 15    Spells: 0 memorised, 5 levels left

rFire  . . .     SeeInvis .     a - +0 flail
rCold  . . .     Clarity  .     g - +0 chain mail
rNeg   . . .     SustAt   .     (no shield)
rPois  .         Gourm    .     c - +0 helmet
rElec  .         Spirit   .     (no cloak)
rCorr  .         Warding  .     (no gloves)
rMut   .         Stasis   .     b - +2 pair of boots
MR     .....                    (no amulet)
Stlth  ..........               (no ring)
                                (no ring)

@: corroded equipment, non-regenerating, drained, not resistant to hostile
enchantments, extremely unstealthy
A: damage resistance, recharge devices, sense surroundings 1, slow regeneration
3
a: Device Recharging


You were on level 7 of the Dungeon.
You were very hungry.

You visited 1 branch of the dungeon, and saw 5 of its levels.

You collected 257 gold pieces.

Inventory:

Hand Weapons
 a - a +0 flail (weapon)
Missiles
 d - 4 throwing nets
Armour
 b - a +2 pair of boots (worn)
 c - a +0 helmet (worn)
 g - a +0 chain mail (worn)
Wands
 e - a wand of heal wounds (6)
Comestibles
 f - 3 bread rations


   Skills:
 + Level 3.5(3.3) Fighting
 * Level 6.2(6.0) Maces & Flails
 - Level 1.7(1.6) Throwing
 + Level 3.2(3.1) Armour
 - Level 3.2(3.1) Dodging


You had 5 spell levels left.
You didn't know any spells.

Dungeon Overview and Level Annotations

Branches:
Dungeon (7/15)
 Temple: D:4-7

Altars:
Dithmenos
Fedhas
Nemelex Xobeh
Ru
Zin


Innate Abilities, Weirdness & Mutations

You are resistant to damage.
You can recharge devices by infusing magical energy.
You passively map a small area around you.
You do not regenerate naturally.


Message History

Press: ? - help, Shift-Dir - straight line, f - you You feel much better.
This wand has 0 charges left.
Unknown command.
Unknown command.
Unknown command.
ATTACK MOVE TO (-1,-1)
You hit the oklob plant but do no damage.
The oklob plant spits acid at you. The splash of acid hits you!
The acid corrodes you!
The acid burns!
Unknown command.
Unknown command.
Unknown command.
Unknown command.
Charge which item? (? for menu, Esc to quit)
You don't have any such object.
Charge which item? (? for menu, Esc to quit)
Your wand of heal wounds (0) glows for a moment and now has 6 charges.
The oklob plant spits acid at you. The splash of acid hits you!
The acid burns!
You die...

*, #.. * * #.. , ,
#..* ### ** , #..*
#.. ,, , * #..## #.#
** * #..P## #.# *, *
* #.P_P########.# *
#..g.......##.#####.
*
#..........'........
* * *
#..#.......##.######
#..#.......##.# ,
#..#.......##.#
#..##....####.######
#..*#....# #.......
#.. #....# ########
, #....#*


You could see an oklob plant.

Table legend:
 A = Turns spent in this place as a percentage of turns spent in the entire game.
 B = Non-inter-level travel turns spent in this place as a percentage of non-inter-level travel turns spent in the entire game.
 C = Inter-level travel turns spent in this place as a percentage of turns spent in this place.
 D = Turns resting spent in this place as a percentage of non-inter-level travel turns spent in this place.
 E = Turns spent auto-exploring this place as a percentage of non-inter-level travel turns spent in this place.
 F = Non-inter-level travel turns spent in this place divided by the number of levels of this place that you've seen.
                   A       B       C       D       E      F
               +-------+-------+-------+-------+-------+----------------------
         Total | 100.0 | 100.0 |   0.6 |   0.0 |   2.4 | 1281.0
       Dungeon | 100.0 | 100.0 |   0.6 |   0.0 |   2.4 | 1281.0
               +-------+-------+-------+-------+-------+----------------------

Table legend:
 A = Kills in this place as a percentage of kills in entire the game.
 B = Kills by you in this place as a percentage of kills by you in the entire game.
 C = Kills by friends in this place as a percentage of kills by friends in the entire game.
 D = Other kills in this place as a percentage of other kills in the entire game.
 E = Experience gained in this place as a percentage of experience gained in the entire game.
 F = Experience gained in this place divided by the number of levels of this place that you have seen.
                   A       B       C       D       E      F
               +-------+-------+-------+-------+-------+----------------------
         Total | 100.0 | 100.0 |  -nan |  -nan | 100.0 | 136.0
       Dungeon | 100.0 | 100.0 |  -nan |  -nan | 100.0 | 136.0
               +-------+-------+-------+-------+-------+----------------------

Vanquished Creatures
  The ghost of jejorda2 the Digger, an amateur DgEE (D:3)
  A water moccasin skeleton (D:3)
  An orc priest (D:3)
  3 orc wizards
  2 worker ants
  5 adders
  4 gnolls (D:3)
  An ooze (D:2)
  3 worms
  5 giant geckos
  6 orcs
  4 bats
  3 giant cockroaches
  7 goblins
  3 hobgoblins
  11 jackals
  12 kobolds
  A ball python (D:1)
  2 giant newts
  A quokka (D:2)
  12 rats
  A plant (D:7)
89 creatures vanquished.

Vanquished Creatures (others)
  A giant cockroach (D:3)
1 creature vanquished.

Grand Total: 90 creatures vanquished

Notes
Turn   | Place    | Note
--------------------------------------------------------------
     0 | D:1      | gw the Deep Dwarf Gladiator began the quest for the Orb.
     0 | D:1      | Reached XP level 1. HP: 19/19 MP: 1/1
    66 | D:1      | Reached XP level 2. HP: 17/26 MP: 2/2
   576 | D:1      | Reached XP level 3. HP: 20/32 MP: 3/3
   757 | D:2      | Reached skill level 4 in Maces & Flails
   783 | D:2      | Found a shadowy altar of Dithmenos.
   784 | D:2      | Found a glowing silver altar of Zin.
   787 | D:2      | Found a sacrificial altar of Ru.
   804 | D:2      | Reached skill level 1 in Armour
  1475 | D:2      | Reached XP level 4. HP: 26/39 MP: 4/4
  1602 | D:3      | Noticed jejorda2's ghost (amateur DgEE)
  1620 | D:3      | Killed jejorda2's ghost
  1620 | D:3      | Reached XP level 5. HP: 28/46 MP: 5/5
  1622 | D:3      | Found a blossoming altar of Fedhas.
  1636 | D:3      | Reached skill level 5 in Maces & Flails
  1890 | D:3      | Reached XP level 6. HP: 37/56 MP: 6/6
  2794 | D:4      | Reached skill level 6 in Maces & Flails
  3307 | D:4      | You fall through a shaft for 3 floors!
  3330 | D:7      | Found a sparkling altar of Nemelex Xobeh.
  3331 | D:7      | Noticed an oklob plant
  3373 | D:7      | HP: 2/56 [oklob plant/splash of acid (6)]
  3373 | D:7      | Splashed by an oklob plant's acid

Action                   |  1- 3 |  4- 6 || total
-------------------------+-------+-------++-------
Melee: Flail             |   181 |   217 ||   398
 Abil: Device Recharging |       |     2 ||     2
Evoke: Wand              |     1 |     6 ||     7
  Eat: Chunk             |     2 |     6 ||     8

Vault maps used:
D:1:      minmay_arrival_stair_chambers
D:2:      grunt_temple_overflow_open, kennysheep_generic_room_7
D:3:      fedhas_altar_3, first_bread
D:4:      portal_sewer_entry_e
D:7:      minmay_temple_entry_trees, serial_shops, nicolae_shop_stone,
          grunt_livestock, lemuel_oklob_altar
